 Dungeon Crawl Stone Soup version 0.31-a0-521-gc7390f8997 (webtiles) character file.

Game seed: 12383859639575321555

4916 CraigForest the Basher (level 10, -2/86 HPs)
             Began as a Minotaur Gladiator on Aug 11, 2023.
             Was an Initiate of Gozag.
             Slain by a killer bee (3 damage)
             ... on level 9 of the Dungeon.
             The game lasted 00:27:55 (8692 turns).

CraigForest the Basher (Minotaur Gladiator)         Turns: 8692, Time: 00:27:56

Health: -2/86      AC: 21    Str: 18    XL:     10   Next: 27%
Magic:  9/9        EV:  4    Int:  5    God:    Gozag
Gold:   117        SH:  6    Dex: 17    Spells: 9/9 levels left

rFire   + . .        i - +2 flail (protect)
rCold   + . .        h - +0 buckler
rNeg    . . .        L - +2 gold dragon scales
rPois   +            c - +0 hat
rElec   .            (no cloak)
rCorr   .            n - +2 pair of gloves
SInv    .            (no boots)
Will    .....        (no amulet) Stlth
                     (no ring)
HPRegen 0.34/turn    (no ring)
MPRegen 0.11/turn

%: no passive effects
@: no status effects
A: horns 2, retaliatory headbutt
a: Renounce Religion, Potion Petition, Call Merchant, Bribe Branch


You were on level 9 of the Dungeon.
You worshipped Gozag.
Gozag was aware of your devotion.
You visited 2 branches of the dungeon, and saw 10 of its levels.

You collected 1163 gold pieces.
You spent 990 gold pieces at shops.
You paid 56 gold pieces to Gozag.

Inventory:

Hand Weapons
 a - a +0 long sword
 i - a +2 flail of protection (weapon)
Missiles
 d - 5 throwing nets
 e - a javelin
Armour
 b - a +0 leather armour
 c - a +0 hat (worn)
 f - a +0 ring mail
 h - a +0 buckler (worn)
 n - a +2 pair of gloves (worn)
 t - a +0 scale mail
 E - +0 acid dragon scales
 L - +2 gold dragon scales (worn)
Jewellery
 g - a ring of ice
 A - a ring of protection from fire
Talismans
 l - a beast talisman
 x - a maw talisman
Wands
 w - a wand of light (8)
 D - a wand of roots (2) (quivered)
Scrolls
 j - a scroll of amnesia {unknown}
 m - a scroll of revelation {unknown}
 o - a scroll of vulnerability {unknown}
 y - a scroll of blinking {unknown}
 z - a scroll of immolation
 C - a scroll of teleportation {unknown}
 F - a scroll of fog
 G - a scroll of noise {unknown}
 J - a scroll of identify
 K - a scroll of silence {unknown}
Potions
 p - a potion of berserk rage
 q - a potion of resistance
 r - a potion of magic
 s - 2 potions of attraction
 u - a potion of mutation {unknown}
 v - a potion of heal wounds {unknown}
 B - a potion of might {unknown}
 H - a potion of lignification {unknown}
 I - a potion of cancellation {unknown}


   Skills:
 + Level 7.0 Fighting
 + Level 4.5 Long Blades
 + Level 11.7 Maces & Flails
 + Level 2.4 Throwing
 + Level 7.3 Armour
 + Level 6.5 Dodging
 + Level 1.7 Stealth
 + Level 5.5 Shields
 + Level 0.5 Evocations


You had 9 spell levels left.
You didn't know any spells.
Your spell library contained the following spells:

 Spells                   Type           Power      Damage    Failure   Level
 Magic Dart               Conj           0%         1d3       100%        1
 Call Imp                 Summ           0%         N/A       100%        2
 Mephitic Cloud           Conj/Pois/Air  0%         N/A       100%        3
 Ozocubu's Armour         Ice            0%         N/A       100%        3
 Stone Arrow              Conj/Erth      0%         3d7       100%        3
 Animate Armour           Summ/Erth      0%         N/A       100%        4
 Ozocubu's Refrigeration  Ice            0%         4d7       100%        7
 Lehudib's Crystal Spear  Conj/Erth      0%         10d2      100%        8


Dungeon Overview and Level Annotations

Branches:
Dungeon (9/15)             Temple (1/1) D:4            Lair (0/5) D:9
    Orc: D:9-12

Altars:
Ashenzari
Cheibriados
Dithmenos
Elyvilon
Fedhas
Gozag
Hepliaklqana
Kikubaaqudgha
Makhleb
Nemelex Xobeh
Okawaru
Qazlal
Ru
Sif Muna
Trog
Uskayaw
Vehumet
Wu Jian
Xom
Yredelemnul
Zin
The Shining One

Shops:
D:2 *   D:3 =


Innate Abilities, Weirdness & Mutations

You have a pair of horns on your head.
You reflexively headbutt those who attack you in melee.


Message History

The killer bee stings you but does no damage.
The killer bee is no longer distracted by gold.
The killer bee stings you but does no damage.
The killer bee barely misses you. You block the killer bee's attack.
The killer bee attacks as you move away!
The killer bee stings you but does no damage.
The killer bee is no longer distracted by gold.
The killer bee stings you but does no damage. x5
The killer bee stings you.
* * * LOW HITPOINT WARNING * * *
You are poisoned.
The killer bee poisons you!
The killer bee stings you but does no damage.
You feel very sick.
The killer bee is no longer distracted by gold.
The killer bee stings you.
* * * LOW HITPOINT WARNING * * *
The killer bee stings you but does no damage. x2
You feel sick. You block the killer bee's attack. The killer bee stings you!
* * * LOW HITPOINT WARNING * * *
You feel better. You block the killer bee's attack.
The killer bee stings you but does no damage. x2
The killer bee barely misses you. x3
The killer bee stings you but does no damage.
The killer bee stings you.
* * * LOW HITPOINT WARNING * * *
The killer bee stings you.
* * * LOW HITPOINT WARNING * * *
Okay, then.
Okay, then.
The killer bee attacks as you move away!
The killer bee stings you.
* * * LOW HITPOINT WARNING * * *
The killer bee stings you.
* * * LOW HITPOINT WARNING * * *
You block the killer bee's attack.
The killer bee stings you but does no damage. x4
The killer bee stings you.
You die...
Your body crumbles into a pile of gold.

##.......$##.......
##.(.....>........
###..............
#.............##
###...........###
##...........###
#........y.###
...###.[.yy## ..#
#..).yy@### ##
##.........##
#...........#
#...........#
#...>....<..##
#...........#...#
............#####..
...........##
........###


You could see 5 killer bees.

Vanquished Creatures
  An elephant (D:9)
  A troll (D:9)
  2 hornets (D:9)
  Prince Ribbit (D:8)
  A basilisk (D:9)
  2 yaks (D:9)
  2 wyverns (D:9)
  A water moccasin (D:6)
  Duvessa (D:5)
  2 black bears
  3 ice beasts
  3 sky beasts
  2 orc warriors
  An ogre (D:4)
  3 centaurs
  A phantom (D:7)
  A kobold brigand (D:8)
  3 scorpions
  3 bullfrogs
  Dowan (D:5)
  4 killer bees (D:8)
  An oklob sapling (D:4)
  4 howler monkeys
  A jelly (D:7)
  A hound (D:4)
  2 orc priests
  A gnoll bouda (D:6)
  2 sleepcaps (D:6)
  An iguana (D:6)
  5 orc wizards
  2 ogre zombies (D:9)
  12 gnolls
  6 adders
  2 white imps
  An ufetubus (D:6)
  2 worms (D:2)
  2 dart slugs
  31 orcs
  5 bats
  5 endoplasms
  4 giant cockroaches
  5 hobgoblins
  10 jackals
  A quokka (D:1)
  7 ball pythons
  4 frilled lizards
  10 goblins
  4 goblin zombies (D:9)
  2 hobgoblin zombies (D:9)
  11 kobolds
  4 orc zombies (D:9)
  3 rats
190 creatures vanquished.

Notes
Turn   | Place    | Note
-------+----------+-------------------------------------------
     0 | D:1      | CraigForest the Minotaur Gladiator began the quest for the
                  | Orb.
     0 | D:1      | Reached XP level 1. HP: 18/18 MP: 0/0
   321 | D:1      | Reached XP level 2. HP: 25/25 MP: 1/1
   894 | D:2      | Reached XP level 3. HP: 30/30 MP: 2/2
  1102 | D:2      | Found Bulas's General Store.
  1110 | D:2      | Bought a potion of curing for 33 gold pieces
  1482 | D:3      | Reached skill level 1 in Maces & Flails
  1482 | D:3      | Reached skill level 1 in Armour
  1517 | D:3      | Found a faded altar of an unknown god.
  1552 | D:3      | Reached XP level 4. HP: 33/37 MP: 3/3
  1568 | D:3      | Reached skill level 2 in Maces & Flails
  2098 | D:3      | Found a faded altar of an unknown god.
  2101 | D:3      | Found a broken altar of Ashenzari.
  2248 | D:3      | Found Musean's Jewellery Emporium.
  2357 | D:4      | Reached skill level 3 in Maces & Flails
  2357 | D:4      | Reached XP level 5. HP: 41/45 MP: 4/4
  2403 | D:4      | Noticed a black bear
  2408 | D:4      | Killed a black bear
  2409 | D:4      | Reached skill level 4 in Maces & Flails
  2410 | D:4      | Found a staircase to the Ecumenical Temple.
  2415 | D:4      | Reached XP level 6. HP: 32/51 MP: 5/5
  2429 | D:4      | Reached skill level 1 in Shields
  2590 | D:4      | HP: 1/51 [oklob sapling/splash of acid (16)]
  2591 | Temple   | Entered the Ecumenical Temple
  2722 | Temple   | Became a worshipper of Elyvilon the Healer
  3071 | D:4      | Reached skill level 5 in Maces & Flails
  3365 | D:4      | Reached XP level 7. HP: 57/57 MP: 6/6
  3692 | D:5      | Entered Level 5 of the Dungeon
  3719 | D:5      | Found an opulent altar of Gozag.
  3724 | D:5      | Fell from the grace of Elyvilon
  3724 | D:5      | Became a worshipper of Gozag Ym Sagoz the Greedy
  3731 | D:5      | Found a glowing silver altar of Zin.
  3740 | D:5      | Found a bloodstained altar of Trog.
  3745 | D:5      | Found a sacrificial altar of Ru.
  3937 | D:5      | Noticed Duvessa
  3939 | D:5      | Noticed Dowan
  3948 | D:5      | Killed Duvessa
  3949 | D:5      | Reached skill level 6 in Maces & Flails
  3968 | D:5      | Killed Dowan
  4678 | D:5      | Found a shadowy altar of Dithmenos.
  4737 | D:5      | Reached skill level 5 in Armour
  4737 | D:5      | Reached XP level 8. HP: 67/67 MP: 7/7
  4743 | D:5      | Reached skill level 7 in Maces & Flails
  5904 | D:6      | Reached skill level 8 in Maces & Flails
  6208 | D:6      | Identified the +7 whip "Qutug" {venom, rPois rN+ Dex-4
                  | Stlth+}
  6380 | D:6      | Reached skill level 9 in Maces & Flails
  6521 | D:7      | Reached skill level 5 in Fighting
  6521 | D:7      | Reached skill level 5 in Dodging
  6521 | D:7      | Reached XP level 9. HP: 60/74 MP: 8/8
  6577 | D:7      | Reached skill level 1 in Stealth
  6624 | D:7      | Identified the +3 whip "Janiw" {vamp, MP+9 Stlth+}
  7070 | D:8      | Noticed Prince Ribbit
  7088 | D:8      | Killed Prince Ribbit
  7254 | D:8      | Reached skill level 10 in Maces & Flails
  8106 | D:9      | Noticed a troll
  8128 | D:9      | Killed a troll
  8135 | D:9      | Noticed an elephant
  8152 | D:9      | Killed an elephant
  8153 | D:9      | Reached skill level 11 in Maces & Flails
  8166 | D:9      | Reached XP level 10. HP: 40/84 MP: 9/9
  8180 | D:9      | Reached skill level 5 in Shields
  8315 | D:9      | Found a staircase to the Lair.
  8458 | D:2      | Bought +1 gold dragon scales for 957 gold pieces
  8689 | D:9      | HP: 4/86 [killer bee (7)]
  8691 | D:9      | HP: 1/86 [killer bee (4)]
  8692 | D:9      | Slain by a killer bee

Illustrated notes

Levels and vault maps discovered:
D:1:      dpeg_arrival_yet_another_circle, layout_basic, serial_glass,
          glass_columns_c, glass_columns_a, dreamdust_wishing_well
D:2:      layout_basic, serial_shops, shop
D:3:      layout_loops_ring, nicolae_overflow_ecumenical_swirl, serial_shops,
          nicolae_shop_back_alley_shop, ebering_ecumenical_altar_sacrificial
D:4:      layout_loops_ring, minmay_temple_entry_oklob
D:5:      layout_layer_cave, grunt_temple_overflow_cloverleaf,
          grunt_dithmenos_smoke, uniq_duvessa
D:6:      layout_loops_corners
D:7:      layout_loops_cross
D:8:      layout_basic, uniq_prince_ribbit1
D:9:      layout_cave_pods, david_lair_generic, zombieorc2_lemuel,
          minmay_starry_boxes
Temple:   regret_index_temple_sphere_string

Skill      XL: |  1  2  3  4  5  6  7  8  9 10 |
---------------+-------------------------------+-----
Long Blades    | 4 |  4.5
Maces & Flails | 1 3 4 5 6 9 11 | 11.7
Armour         | 1 2 3 5 6 7 |  7.3
Fighting       | 3 4 5 6 7 |  7.0
Dodging        | 4 5 6 |  6.5
Shields        | 1 2 3 4 5 |  5.5
Stealth        | 1 |  1.7
Throwing       | |  2.4
Evocations     | |  0.5

Action                     |  1- 3 |  4- 6 |  7- 9 | 10-12 || total
---------------------------+-------+-------+-------+-------++-------
  Melee: Flail             |    58 |    94 |   309 |    80 ||   541
         Long sword        |     6 |       |       |       ||     6
         Headbutt          |     8 |     8 |    61 |    18 ||    95
  Evoke: Wand              |       |       |     4 |       ||     4
    Use: Scroll            |     1 |     2 |     5 |     1 ||     9
         Potion            |       |     1 |       |     1 ||     2
   Stab: Distracted        |       |       |       |     1 ||     1
 Armour: Ring mail         |    22 |    10 |       |       ||    32
         Scale mail        |       |    30 |    55 |       ||    85
         Acid dragon scale |       |       |    75 |    16 ||    91
         Gold dragon scale |       |       |       |    48 ||    48
  Dodge: Dodged            |    24 |    46 |   151 |    32 ||   253
  Block: Buckler           |     9 |    21 |    65 |    29 ||   124

Table legend: (Time is in decaauts)
 A = Elapsed time spent in this place.
 B = Non-inter-level travel time spent in this place.
 C = Inter-level travel time spent in this place.
 D = Time resting spent in this place.
 E = Time spent auto-exploring this place.
 F = Levels seen in this place.
 G = Mean time per level.
                   A        B        C        D        E       F      G
               +--------+--------+--------+--------+--------+-----+--------+
         Total |   8747 |   8314 |    433 |    366 |   6230 |  10 |  874.7 |
       Dungeon |   8386 |   7953 |    433 |    152 |   6230 |   9 |  931.8 |
        Temple |    360 |    360 |      0 |    214 |      0 |   1 |  360.0 |
               +--------+--------+--------+--------+--------+-----+--------+

Top non-repeatable levels by time:
     D:5: 1459 daAuts
     D:6: 1345 daAuts
     D:8: 1146 daAuts
     D:4: 1084 daAuts
     D:3: 942 daAuts
     D:1: 840 daAuts
     D:2: 664 daAuts
     D:7: 621 daAuts
  Temple: 360 daAuts
     D:9: 282 daAuts
